 Dungeon Crawl Stone Soup version 0.30-a0-305-g026cb31310 (webtiles) character file.

Game seed: 1574153201462855349

64999 porpoise the Fencer (level 15, -5/112 HPs)
             Began as a Merfolk Monk on Oct 22, 2022.
             Was the Champion of Hepliaklqana.
             Slain by a rakshasa
             ... wielding a +0 trident
              (8 damage)
             ... while paralysed by a great orb of eyes
             ... on level 15 of the Dungeon on Oct 23, 2022.
             The game lasted 01:33:17 (23443 turns).

porpoise the Fencer (Merfolk Monk)                 Turns: 23443, Time: 01:33:18

Health: -5/112     AC: 10    Str:  7    XL:     15   Next: 14%
Magic:  21/21      EV:  2    Int: 12    God:    Hepliaklqana [******]
Gold:   1971       SH:  0    Dex: 32    Spells: 18/20 levels left

rFire   . . .      SeeInvis .    a - +9 double sword "Biaddu" {vorpal, *Noise Fly rC++}
rCold   + + .      Faith    .    t - +2 buckler of Negligence {rElec Str-4 Dex+4}
rNeg    . . .      Spirit   .    O - +2 leather armour {rPois}
rPois   +          Reflect  +    d - +1 hat
rElec   +          Harm     .    x - +0 cloak
rCorr   .          Rampage  .    q - +0 pair of gloves
Will    +....                    g - +0 pair of boots
Stlth   +++++.....               X - amulet of reflection
HPRegen 0.38/turn                K - ring of flight
MPRegen 0.17/turn                M - +6 ring of dexterity

@: paralysed, flying
A: reduced essence, (nimble swimmer 2), mertail
a: Renounce Religion, Recall Ancestor, Ancestor Identity, Transference, Idealise


You were on level 15 of the Dungeon.
You worshipped Hepliaklqana.
Hepliaklqana was exalted by your worship.
You visited 3 branches of the dungeon, and saw 20 of its levels.
You also visited: Sewer, Bailey and Volcano.

You collected 1971 gold pieces.

Inventory:

Hand Weapons
 a - the +9 double sword "Biaddu" (weapon) {vorpal, *Noise Fly rC++}
   (You acquired it on level 9 of the Dungeon)

   It inflicts extra damage upon your enemies.
   rC:        It greatly protects you from cold.
   Fly:       It grants you flight.
   *Noise:    It may make noises in combat.
 f - the +8 great sword of the Throat {freeze, rElec rPois Str-2 Dex-2}
   (You found it on level 12 of the Dungeon)

   It freezes those it strikes, dealing additional cold damage.
   It can also slow down cold-blooded creatures.
   Str:       It affects your strength (-2).
   Dex:       It affects your dexterity (-2).
   rElec:     It insulates you from electricity.
   rPois:     It protects you from poison.
 w - a +2 dagger of electrocution
 G - the +9 arbalest of Cauruamu {flame, Dex+3 SInv}
   (You found it on level 14 of the Dungeon)

   Any ammunition fired from it burns those it strikes, dealing additional fire
   damage.
   Dex:       It affects your dexterity (+3).
   SInv:      It lets you see invisible.
 R - a +0 lajatang
 W - a +2 double sword of holy wrath
Missiles
 b - a curare-tipped dart
 h - 3 atropa-tipped darts (quivered)
 k - 18 javelins
 J - 5 boomerangs
Armour
 d - a +1 hat (worn)
 g - a +0 pair of boots (worn)
 q - a +0 pair of gloves (worn)
 t - the +2 buckler of Negligence (worn) {rElec Str-4 Dex+4}
   (You acquired it on level 8 of the Dungeon)

   Str:       It affects your strength (-4).
   Dex:       It affects your dexterity (+4).
   rElec:     It insulates you from electricity.
 x - a +0 cloak (worn)
 O - a +2 leather armour of poison resistance (worn)
Magical Staves
 H - a staff of conjuration
Jewellery
 K - a ring of flight (left hand)
 M - a +6 ring of dexterity (right hand)
 N - a ring of see invisible
 X - an amulet of reflection (around neck)
Wands
 e - a wand of polymorph (14)
 j - a wand of iceblast (4)
 o - a wand of paralysis (14)
 z - a wand of flame (5)
 C - a wand of quicksilver (13)
 P - a wand of digging (8)
 Z - a wand of mindburst (7)
Scrolls
 m - 3 scrolls of fog
 n - a scroll of magic mapping
 p - 2 scrolls of teleportation
 y - 2 scrolls of vulnerability
 B - a scroll of amnesia
 E - 2 scrolls of immolation
 F - 6 scrolls of blinking
 I - 4 scrolls of fear
 L - 15 scrolls of identify
 U - a scroll of torment
 Y - a scroll of poison
Potions
 c - a potion of ambrosia
 i - a potion of mutation
 l - 6 potions of curing
 u - 7 potions of attraction
 A - a potion of lignification
 D - a potion of might
 Q - 4 potions of resistance
 S - a potion of magic
 T - 2 potions of invisibility
 V - a potion of haste
Miscellaneous
 r - a lightning rod (4/4)
 s - a phantom mirror
 v - a box of beasts


   Skills:
 + Level 13.7 Fighting
 - Level 3.3(10.9) Short Blades
 - Level 15.8(16.0) Long Blades
 - Level 6.0 Throwing
 - Level 5.0 Armour
 - Level 12.0 Dodging
 + Level 8.7 Stealth
 - Level 7.0 Shields
 - Level 3.0 Spellcasting
 + Level 2.5 Transmutations
 - Level 9.0 Invocations
 - Level 7.0 Evocations


You had 18 spell levels left.
You knew the following spells:

 Your Spells              Type           Power      Damage    Failure   Level
w - Wereblood             Tmut           7%         N/A       24%         2

Your spell library contained the following spells:

 Spells                   Type           Power      Damage    Failure   Level
 Passwall                 Tmut/Erth      3%         N/A       36%         2
 Magic Dart               Conj           4%         1d3       41%         1
 Sandblast                Erth           2%         2d4       41%         1
 Call Imp                 Summ           1%         N/A       54%         2
 Sublimation of Blood     Necr           1%         N/A       54%         2
 Ignite Poison            Fire/Tmut/Pois 3%         N/A       67%         3
 Kindle Blastsparks       Fire/Tloc/Air  2%         2d10      78%         3
 Mephitic Cloud           Conj/Pois/Air  1%         N/A       78%         3
 Portal Projectile        Hex/Tloc       2%         N/A       78%         3
 Stone Arrow              Conj/Erth      2%         3d7       78%         3
 Tukima's Dance           Hex            1%         N/A       78%         3
 Animate Dead             Necr           1%         N/A       99%         4
 Blade Hands              Tmut           3%         N/A       99%         5
 Borgnjor's Vile Clutch   Necr/Erth      0%         N/A       100%        5
 Freezing Cloud           Conj/Ice/Air   0%         6-21      100%        5
 Death Channel            Necr           0%         N/A       100%        6
 Summon Hydra             Summ           0%         N/A       100%        7


Dungeon Overview and Level Annotations

Branches:
Dungeon (15/15)            Temple (1/1) D:7            Lair (4/5) D:11
  Swamp (0/4) Lair:2        Snake (0/4) Lair:2          Orc (0/2) D:12
 Vaults (0/5) D:13          Sewer (visited)          Bailey (visited)
Volcano (visited)
  Slime: Lair:4-5    Depths: D:15

Altars:
Ashenzari
Cheibriados
Dithmenos
Elyvilon
Fedhas
Gozag
Hepliaklqana
Kikubaaqudgha
Makhleb
Nemelex Xobeh
Okawaru
Qazlal
Ru
Sif Muna
Trog
Uskayaw
Vehumet
Wu Jian
Xom
Yredelemnul
Zin
The Shining One

Shops:
D:5 (   D:10 *

Annotations:
D:12 2 transporters, Chaicat's ghost, journeyman HOMo
Lair:3 exclusion: oklob plant


Innate Abilities, Weirdness & Mutations

Your life essence is reduced to manifest your ancestor. (-10% HP)
((You are very nimble when in or above water. (Stealth+, EV+, Speed+++)))
Your lower body shifts to a powerful aquatic tail in water.


Message History

You slash the rakshasa!
The rakshasa is lightly wounded.
Niki misses the rakshasa.
A great orb of eyes comes into view.
The rakshasa weaves an illusion.
The great orb of eyes shimmers and seems to become two!
Niki hits the rakshasa but does no damage.
You see here a glowing shapeshifter corpse.
You hit the rakshasa.
The rakshasa is moderately wounded.
Niki hits the rakshasa but does no damage.
You block the rakshasa's attack.
Niki closely misses the rakshasa.
You closely miss the rakshasa.
The rakshasa is moderately wounded.
Niki hits the rakshasa but does no damage.
The great orb of eyes gazes at you.
You suddenly lose the ability to move!
The rakshasa hits you with a +0 trident.
Niki closely misses the rakshasa.
Niki misses the rakshasa.
The rakshasa gestures at you. The lance of force hits you!
You are knocked back by the lance of force.
You slam into the rock wall!
Niki hits the rakshasa with a +0 dagger of draining!
Niki hits the rakshasa with a +0 dagger of draining.
The rakshasa weaves an illusion.
The great orb of eyes shimmers and seems to become two!
The great orb of eyes gazes at you.
Your mind is blasted!
* * * LOW HITPOINT WARNING * * *
Niki hits the rakshasa with a +0 dagger of draining.
Niki hits the rakshasa but does no damage.
The great orb of eyes completely misses you.
The rakshasa hits you with a +0 trident!
* * * LOW HITPOINT WARNING * * *
Niki hits the rakshasa with a +0 dagger of draining.
Niki misses the rakshasa.
The great orb of eyes bites you but does no damage.
The rakshasa hits you with a +0 trident!
You die...

###÷##..............##
##.####... #
#.##.........####.#
#........ ###.##.....###.#
#.## ##.#......
....##...[.# #.#
##.###.........
########.### #.#
##...#........ # #.# #.####
#..##..##.... #
##.#######G.#.#####..##.<..
# #..##..###GG...#
#..#..... # #.##....#R@#
#..#..... # #.'.....R†##
#..#..... # ####....###
#..###... # ##..##
#.<##.... # ####
####......). ######### #.#
#....)...... ........# #.#
#####..#..)) #######.# #.#
#..#.... #.# #.####
#.......


You could see the friendly Niki the hexer, 3 great orbs of eyes and a rakshasa
(ally target).

Vanquished Creatures
  Rupert (D:13)
  Frances (D:13)
  Agnes (D:15)
  A quicksilver ooze (Lair:4)
  6 centaur warriors
  A hydra (D:13)
  A catoblepas (D:11)
  A boulder beetle (D:12)
  3 two-headed ogres
  A tengu warrior (D:15)
  3 skeletal warriors (D:13)
  2 fire crabs (shapeshifter)
  3 bog bodies (Lair:2)
  Pikel (D:4)
  4 orc knights
  A lindwurm (Lair:2)
  3 deep elf pyromancers
  7 ugly things
  5 cyclopes
  A salamander (Volcano)
  3 manticores
  Maurice (D:12)
  4 black mambas
  2 cane toads
  2 gargoyles (D:10)
  An unseen horror (D:13)
  6 rime drakes (Lair:4)
  4 komodo dragons
  2 yaktaurs (D:15)
  A tengu conjurer (D:15)
  4 trolls
  A hornet (D:9)
  2 polar bears
  2 dream sheep (Lair:3)
  A blink frog (shapeshifter) (D:15)
  5 slime creatures
  3 shadows
  A vampire (D:13)
  Eustachio (D:6)
  4 basilisks (Lair:4)
  16 humans (D:13)
  2 water elementals (D:15)
  A wraith (D:12)
  47 yaks
  8 wyverns
  7 fire bats (Volcano)
  A steam dragon (D:8)
  6 wargs
  6 vampire mosquitoes
  2 swamp worms (Lair:2)
  An acid dragon (D:6)
  16 water moccasins
  Duvessa (D:4)
  3 ice beasts
  13 orc warriors
  A sky beast (D:6)
  5 black bears
  An ogre (D:5)
  5 centaurs
  7 wolves (Lair:2)
  3 phantoms
  Blork the orc (D:4)
  A kobold brigand (D:10)
  9 bullfrogs
  6 scorpions
  A gnoll sergeant (D:8)
  8 wights
  A hexer (Lair:4)
  Dowan (D:4)
  2 howler monkeys (D:11)
  4 electric eels
  8 lava snakes (Volcano)
  6 hounds
  9 jellies
  A gnoll bouda (Lair:3)
  5 orc priests
  Jessica (D:3)
  4 iguanas
  Ijyb (D:3)
  Terence (D:2)
  8 orc wizards
  12 hell rats (Lair:4)
  Robin (D:2)
  4 gnolls (D:8)
  14 adders
  3 white imps
  2 worms (D:3)
  39 orcs
  15 ball pythons
  11 endoplasms
  11 giant cockroaches
  26 goblins
  8 hobgoblins
  2 jackals (D:4)
  17 quokkas
  6 bats
  10 frilled lizards
  7 kobolds
  4 rats
519 creatures vanquished.

Vanquished Creatures (collateral kills)
  A hydra (Lair:4)
  A deep elf pyromancer (D:12)
  2 ugly things (D:15)
  A cyclops (D:9)
  A cane toad (Lair:3)
  An unseen horror (D:11)
  2 yaktaurs (D:15)
  A rime drake (Lair:2)
  A polar bear (Lair:2)
  A dream sheep (Lair:3)
  2 wyverns (Lair:4)
  4 yaks
  3 basilisks
  3 wargs
  2 orc warriors (Bailey)
  A wolf (Lair:2)
  A centaur (D:8)
  A wight (D:8)
  2 hell rats (Lair:4)
  3 orcs (Bailey)
  A goblin (D:9)
  2 kobolds (D:10)
37 creatures vanquished.

Vanquished Creatures (others)
  4 hexers
  20 fungi
  33 plants
57 creatures vanquished.

Grand Total: 613 creatures vanquished

Notes
Turn   | Place    | Note
-------+----------+-------------------------------------------
     0 | D:1      | porpoise the Merfolk Monk began the quest for the Orb.
     0 | D:1      | Reached XP level 1. HP: 18/18 MP: 1/1
   156 | D:1      | Reached skill level 4 in Long Blades
   180 | D:1      | Reached XP level 2. HP: 24/24 MP: 2/2
   669 | D:1      | Found a faded altar of an unknown god.
  1017 | D:2      | Reached XP level 3. HP: 29/30 MP: 3/3
  1060 | D:2      | Noticed Robin
  1283 | D:2      | Reached skill level 5 in Long Blades
  1305 | D:2      | Noticed Terence
  1330 | D:2      | Killed Terence
  1331 | D:2      | Reached XP level 4. HP: 37/37 MP: 4/4
  1338 | D:2      | Killed Robin
  1881 | D:3      | Found a radiant altar of Vehumet.
  1888 | D:3      | Reached XP level 5. HP: 43/43 MP: 5/5
  2105 | D:3      | Found a glowing drain.
  2129 | Sewer    | Entered a sewer
  2144 | Sewer    | Reached skill level 6 in Long Blades
  2544 | Sewer    | Reached skill level 7 in Long Blades
  2544 | Sewer    | Reached XP level 6. HP: 18/50 MP: 6/6
  2547 | Sewer    | Reached skill level 5 in Fighting
  2878 | D:3      | Noticed Ijyb
  2902 | D:3      | Killed Ijyb
  3034 | D:3      | Noticed Jessica
  3041 | D:3      | Killed Jessica
  3204 | D:4      | Noticed Blork the orc
  3205 | D:4      | Noticed Duvessa
  3217 | D:3      | Reached skill level 8 in Long Blades
  3217 | D:3      | Reached XP level 7. HP: 52/56 MP: 7/7
  3498 | D:4      | Found a glowing silver altar of Zin.
  3617 | D:4      | Noticed Dowan
  3625 | D:4      | Killed Dowan
  3636 | D:4      | Killed Duvessa
  3958 | D:4      | Killed Blork the orc
  3959 | D:4      | Reached skill level 9 in Long Blades
  4126 | D:4      | Reached XP level 8. HP: 58/65 MP: 8/8
  4234 | D:4      | Noticed Pikel
  4256 | D:4      | Killed Pikel
  4257 | D:4      | Reached skill level 10 in Long Blades
  4553 | D:4      | Reached skill level 11 in Long Blades
  5168 | D:5      | Entered Level 5 of the Dungeon
  5202 | D:5      | Reached skill level 1 in Armour
  5405 | D:5      | Reached XP level 9. HP: 65/72 MP: 9/9
  5492 | D:5      | Found an ornate altar of the Wu Jian Council.
  5616 | D:5      | Found a shimmering blue altar of Sif Muna.
  5616 | D:5      | Found a glowing golden altar of the Shining One.
  5644 | D:5      | Found Jeunio's Antique Weapon Boutique.
  5863 | D:5      | Found a broken altar of Ashenzari.
  6187 | D:6      | Reached skill level 12 in Long Blades
  6352 | D:6      | Reached skill level 5 in Dodging
  6380 | D:6      | Found a bloodstained altar of Trog.
  6630 | D:6      | Found a snail-covered altar of Cheibriados.
  6630 | D:6      | Found a sacrificial altar of Ru.
  6955 | D:6      | Noticed Eustachio
  6976 | D:6      | Reached skill level 13 in Long Blades
  6986 | D:6      | Killed Eustachio
  7485 | D:7      | Reached XP level 10. HP: 79/79 MP: 10/10
  7622 | D:7      | Found a blossoming altar of Fedhas.
  7761 | D:7      | Found a staircase to the Ecumenical Temple.
  7772 | Temple   | Entered the Ecumenical Temple
  7892 | Temple   | Became a worshipper of Hepliaklqana the Forgotten
  7892 | Temple   | Reached * piety under Hepliaklqana
  7892 | Temple   | Reached ** piety under Hepliaklqana
  7893 | Temple   | Remembered your ancestor Niki as a hexer
  8494 | D:8      | Found a hide-covered altar of Uskayaw.
  8524 | D:8      | Reached skill level 1 in Invocations
  9037 | D:8      | Reached skill level 14 in Long Blades
  9927 | D:8      | Identified a scroll of acquirement
  9929 | D:8      | Acquired the +2 buckler of Negligence {rElec Str-4 Dex+4}
 10128 | D:9      | Found a flagged portal.
 10151 | Bailey   | Entered a bailey
 10224 | Bailey   | Reached skill level 5 in Stealth
 10289 | Bailey   | Reached skill level 5 in Invocations
 10301 | Bailey   | Reached skill level 1 in Short Blades
 10483 | Bailey   | Reached skill level 1 in Shields
 10560 | Bailey   | Reached XP level 11. HP: 75/75 MP: 13/15
 10580 | Bailey   | Noticed an orc knight
 10580 | Bailey   | Noticed an orc knight
 10592 | Bailey   | Killed an orc knight
 10599 | Bailey   | Killed an orc knight
 10795 | Bailey   | Acquired 532 gold pieces
 10859 | D:9      | Reached *** piety under Hepliaklqana
 10980 | D:9      | Found a shadowy altar of Dithmenos.
 11035 | D:9      | Acquired the +9 double sword "Biaddu" {vorpal, *Noise Fly
                  | rC++}
 11221 | D:9      | Noticed a cyclops
 11230 | D:9      | Killed a cyclops
 11461 | D:9      | Found a basalt altar of Yredelemnul.
 11600 | D:9      | Found an ancient bone altar of Kikubaaqudgha.
 11639 | D:10     | Entered Level 10 of the Dungeon
 11675 | D:10     | Found Neru's Assorted Antiques.
 11746 | D:10     | Reached **** piety under Hepliaklqana
 11884 | D:10     | Found a sparkling altar of Nemelex Xobeh.
 12148 | D:10     | Noticed a two-headed ogre
 12154 | D:10     | Killed a two-headed ogre
 12510 | D:11     | Noticed a catoblepas
 12514 | D:11     | Noticed a white ugly thing
 12519 | D:11     | Killed a catoblepas
 12520 | D:11     | Reached skill level 1 in Evocations
 12529 | D:11     | Killed a white ugly thing
 12532 | D:11     | Reached XP level 12. HP: 43/82 MP: 17/17
 12546 | D:11     | Reached skill level 5 in Shields
 13138 | D:11     | Found a staircase to the Lair.
 13231 | D:11     | Reached skill level 15 in Long Blades
 13549 | D:11     | Reached ***** piety under Hepliaklqana
 13638 | Lair:1   | Entered Level 1 of the Lair of Beasts
 13786 | Lair:1   | You are sucked into a shaft and drop 1 floor!
 13955 | Lair:1   | Reached skill level 5 in Evocations
 14023 | Lair:1   | Found a dark tunnel.
 14028 | Volcano  | Entered a volcano
 14135 | Volcano  | Reached skill level 1 in Throwing
 14287 | Volcano  | Noticed a red draconian
 14488 | Volcano  | HP: 2/87 [rock wall collision (8)]
 15310 | Lair:2   | Reached skill level 10 in Fighting
 15321 | Lair:2   | Found a staircase to the Snake Pit.
 15384 | Lair:2   | Found a glowing silver altar of Zin.
 15430 | Lair:2   | Found a staircase to the Swamp.
 15439 | Lair:2   | Reached XP level 13. HP: 59/93 MP: 18/18
 16117 | Lair:2   | Reached skill level 5 in Throwing
 16651 | Lair:3   | Identified the +3 great sword "Ishrithre" {freeze, Drain
                  | rPois rC++ Stlth+}
 17373 | Lair:4   | Reached skill level 5 in Armour
 18072 | Lair:4   | Noticed a quicksilver ooze
 18079 | Lair:4   | Killed a quicksilver ooze
 18254 | Lair:4   | Identified the +1 ring mail "Leny" {Fly Str+3 Int-2}
 18269 | Lair:4   | Learned a level 2 spell: Wereblood
 18631 | Lair:4   | Acquired a +2 double sword of holy wrath
 19029 | D:12     | Reached skill level 10 in Dodging
 19054 | D:12     | Reached XP level 14. HP: 103/103 MP: 20/20
 19069 | D:12     | Identified the +8 great sword of the Throat {freeze, rElec
                  | rPois Str-2 Dex-2}
 19234 | D:12     | Found a transporter.
 19252 | D:12     | Noticed Chaicat's ghost (journeyman HOMo)
 19261 | D:12     | Found a transporter.
 19341 | D:12     | Noticed Maurice
 19344 | D:12     | Killed Maurice
 19396 | D:12     | Found a staircase to the Orcish Mines.
 19712 | D:13     | Noticed Rupert
 19712 | D:13     | Found a gate to the Vaults.
 20274 | D:13     | Killed Rupert
 20605 | D:13     | Noticed Frances
 20617 | D:13     | Killed Frances
 21035 | D:14     | Identified the +9 arbalest of Cauruamu {flame, Dex+3 SInv}
 21299 | D:14     | Reached ****** piety under Hepliaklqana
 21938 | D:15     | Entered Level 15 of the Dungeon
 22206 | D:15     | Reached skill level 1 in Spellcasting
 22490 | D:15     | Noticed Agnes
 22508 | D:15     | Killed Agnes
 22840 | D:15     | Reached XP level 15. HP: 111/111 MP: 18/21
 23409 | D:15     | Reached skill level 1 in Transmutations
 23439 | D:15     | Paralysed by a great orb of eyes for 5 turns
 23442 | D:15     | HP: 3/112 [rakshasa/+0 trident (17)]
 23443 | D:15     | Slain by a rakshasa

Illustrated notes

Levels and vault maps discovered:
D:1:      dpeg_arrival_court, layout_loops_corners,
          hellmonk_ecumenical_altar_run_dry, chequers_garden
D:2:      layout_rooms, hex_large, st_stairs_2, minmay_goblin_outpost,
          uniq_robin, uniq_terence
D:3:      layout_rooms, mainiacjoe_overflow_paths, cheibrodos_sewer_entry_bend,
          amethyst_killhole, uniq_jessica, uniq_ijyb
D:4:      layout_layer_cave, overflow_temple_1_default, uniq_blork_the_orc,
          uniq_pikel, uniq_duvessa
D:5:      layout_cave_pools, mainiacjoe_overflow_six_doors_small,
          nicolae_wu_jian_wuxing_cycle, gammafunk_temple_overflow_statue,
          serial_shops, nicolae_diamond_shop
D:6:      layout_cave_pods, lemuel_tele_altar, jmf_multi_god_temple,
          uniq_eustachio
D:7:      layout_basic, fedhas_bush_and_centaur_altar,
          minmay_temple_entry_crystal_x, serial_bayou_pond_e,
          nrook_loot_triangle
D:8:      layout_loops_corners, mainiacjoe_overflow_tiny_flanked,
          kennysheep_generic_room_2
D:9:      layout_stronghold, marbit_many_paths, amcnicky_altar_gilded,
          kennysheep_mini, enter_bailey_5
D:10:     layout_irregular_city, nemelex_xobeh_ov_fountains_minmay,
          serial_shops, shop
D:11:     layout_loops_corners, erik_lair_orcish_takeover
D:12:     layout_loops_ring, minmay_orc_entry_guard_dogs,
          gammafunk_ghost_abyssal_escape, nicolae_water_bricks, uniq_maurice
D:13:     layout_loops_corners, david_vaults_3, uniq_frances
D:14:     layout_gridville
D:15:     gammafunk_enter_depths_forms, layout_loops_ring, serial_bayou_ford_a,
          uniq_agnes
Temple:   nicolae_temple_bog_church
Lair:1:   layout_gridlike, nicolae_volcano_entry_s_turn,
          chequers_serial_rivers_large_a, infiniplex_staircase_pool
Lair:2:   layout_cave_pods, nicolae_swamp_entry_splash_gauntlet,
          minmay_snake_entry_six_corridors, basic_altar
Lair:3:   layout_gridlike, minmay_lair_oklob_items, dreamdust_gnoll_shepherd,
          lemuel_fruit_tree
Lair:4:   layout_roguey [special_room_mythical_zoo],
          nicolae_lair_time_for_slime, grunt_megastairs_5

Skill      XL: |  1  2  3  4  5  6  7  8  9 10 11 12 13 14 15 |
---------------+----------------------------------------------+-----
Long Blades    | 4 5 7 8 9 11 13 14 15 | 15.8
Fighting       | 4 5 6 7 10 12 13 | 13.7
Armour         | 1 3 5 |  5.0
Dodging        | 7 9 10 12 | 12.0
Invocations    | 5 7 8 9 |  9.0
Stealth        | 5 7 8 |  8.7
Short Blades   | 1 3 |  3.3
Shields        | 1 4 5 6 7 |  7.0
Evocations     | 2 5 7 |  7.0
Throwing       | 3 6 |  6.0
Spellcasting   | 2 3 |  3.0
Transmutations | 2 |  2.5

Action                   |  1- 3 |  4- 6 |  7- 9 | 10-12 | 13-15 || total
-------------------------+-------+-------+-------+-------+-------++-------
Melee: Falchion          |   101 |    28 |       |       |       ||   129
       Punch             |     1 |     3 |     3 |     3 |       ||    10
       Dagger            |       |   171 |   189 |    10 |    37 ||   407
       Tailslap          |       |     9 |       |       |       ||     9
       Scimitar          |       |       |    86 |   209 |       ||   295
       Double sword      |       |       |       |   188 |   434 ||   622
 Fire: Sling             |     2 |    31 |    47 |     4 |       ||    84
Throw: Dart              |       |     5 |    24 |       |     4 ||    33
       Boomerang         |       |       |     3 |       |     1 ||     4
Invok: Recall Ancestor   |       |       |       |     3 |     3 ||     6
       Ancestor Life: He |       |       |       |     1 |       ||     1
       Ancestor Identity |       |       |       |     1 |       ||     1
       Idealise          |       |       |       |       |     2 ||     2
Evoke: Wand              |       |       |     7 |     2 |     2 ||    11
       Piece from Xom's  |       |       |     1 |       |       ||     1
  Use: Potion            |     2 |       |     2 |     2 |     5 ||    11
       Scroll            |       |     8 |     8 |    16 |     3 ||    35
 Stab: Sleeping          |     2 |     3 |     4 |    10 |     9 ||    28
       Paralysed         |       |       |     3 |       |     3 ||     6
       Confused          |       |       |       |    18 |    19 ||    37
       Distracted        |       |       |       |     6 |    12 ||    18
Armor: Ring mail         |    38 |    64 |    95 |       |       ||   197
       Skin              |     7 |     3 |       |       |       ||    10
       Leather armour    |       |       |       |    59 |    45 ||   104
Dodge: Dodged            |    58 |   112 |   181 |   201 |   166 ||   718
Block: Buckler           |       |       |       |   134 |   235 ||   369
       Reflection        |       |       |       |     5 |    15 ||    20

Table legend: (Time is in decaauts)
 A = Elapsed time spent in this place.
 B = Non-inter-level travel time spent in this place.
 C = Inter-level travel time spent in this place.
 D = Time resting spent in this place.
 E = Time spent auto-exploring this place.
 F = Levels seen in this place.
 G = Mean time per level.
                   A        B        C        D        E       F      G
               +--------+--------+--------+--------+--------+-----+--------+
         Total |  22950 |  22128 |    822 |   5742 |  11921 |  23 |  997.8 |
       Dungeon |  16486 |  15835 |    651 |   3645 |   9293 |  15 | 1099.1 |
        Temple |    102 |     88 |     14 |      0 |     78 |   1 |  102.0 |
          Lair |   4736 |   4579 |    157 |   1252 |   2476 |   4 | 1184.0 |
         Sewer |    515 |    515 |      0 |    230 |     74 |   1 |  515.0 |
        Bailey |    642 |    642 |      0 |    336 |      0 |   1 |  642.0 |
       Volcano |    465 |    465 |      0 |    279 |      0 |   1 |  465.0 |
               +--------+--------+--------+--------+--------+-----+--------+

Top non-repeatable levels by time:
     D:8: 1632 daAuts
     D:4: 1517 daAuts
    D:15: 1465 daAuts
  Lair:4: 1461 daAuts
  Lair:2: 1329 daAuts
    D:11: 1258 daAuts
    D:13: 1166 daAuts
     D:1: 1160 daAuts
     D:3: 1151 daAuts
  Lair:1: 1122 daAuts
     D:5: 1106 daAuts
     D:6: 1103 daAuts
    D:14: 904 daAuts
     D:9: 865 daAuts
     D:7: 857 daAuts
